 Dungeon Crawl Stone Soup version 0.31-a0-221-gbddc013574 (webtiles) character file.

Game seed: 10933748824819265816

3174 Decritt the Fighter (level 10, 0/77 HPs)
             Began as a Djinni Hedge Wizard on July 4, 2023.
             Was a Follower of Makhleb.
             Slain by a wraith (11 damage)
             ... on level 8 of the Dungeon.
             The game lasted 00:25:53 (8807 turns).

Decritt the Fighter (Djinni Hedge Wizard)           Turns: 8807, Time: 00:25:53

Health: 0/77       AC:  6    Str: 12    XL:     10   Next: 16%
Gold:   414        EV: 12    Int: 19    God:    Makhleb [*.....] SH:  0 Dex: 14

rFire   + + +        t - +7 mace of Destiny {antimagic, rF+ Will+ Str+3 Stlth-}
rCold   . . .        (no shield)
rNeg    . . .        m - +0 leather armour
rPois   ∞            A - +0 helmet
rElec   .            (no cloak)
rCorr   .            g - +0 pair of gloves
SInv    .            (boots unavailable)
Will    ++...        b - amulet of the acrobat
Stlth   +            s - ring of protection from cold
HPRegen 0.32/turn    (no ring)
MPRegen 0.00/turn

%: acrobat, infuse magic (-1 HP)
@: flying, slowed, very slow
A: sickness immunity, fire resistance 2, cold vulnerability 1, float, innate
caster, HP casting, extra vitality 1
a: Renounce Religion


You were on level 8 of the Dungeon.
You worshipped Makhleb.
Makhleb was aware of your devotion.
You visited 2 branches of the dungeon, and saw 9 of its levels.

You collected 414 gold pieces.

Inventory:

Hand Weapons
 t - the +7 mace of Destiny (weapon) {antimagic, rF+ Will+ Str+3 Stlth-}
   (You found it on level 4 of the Dungeon)

   Str:       It affects your strength (+3).
   rF:        It protects you from fire.
   Will:      It increases your willpower.
   Stlth:     It makes you less stealthy.
Missiles
 v - 11 poisoned darts (quivered)
Armour
 c - a +0 hat
 g - a +0 pair of gloves (worn)
 m - a +0 leather armour (worn)
 A - a +0 helmet (worn)
Jewellery
 b - an amulet of the acrobat (around neck)
 s - a ring of protection from cold (left hand)
Wands
 n - a wand of acid (9)
 r - a wand of roots (16)
 B - a wand of polymorph (6)
Scrolls
 e - a scroll of fear
 f - a scroll of fog
 i - a scroll of amnesia {unknown}
 j - 4 scrolls of revelation
 k - a scroll of teleportation {unknown}
 l - a scroll of blinking
 o - a scroll of immolation {unknown}
 p - a scroll of brand weapon {unknown}
 y - a scroll of enchant weapon {unknown}
 z - a scroll of enchant armour {unknown}
 C - a scroll of poison {unknown}
 D - a scroll of butterflies {unknown}
Potions
 a - a potion of attraction {unknown}
 d - 2 potions of enlightenment
 h - 7 potions of curing
 q - a potion of might
 u - 5 potions of lignification
 w - a potion of haste {unknown}
 x - a potion of heal wounds {unknown}


   Skills:
 * Level 8.7 Fighting
 + Level 5.8 Armour
 - Level 2.1 Dodging
 - Level 1.5 Stealth
 * Level 7.0 Spellcasting
 * Level 7.0 Conjurations
 * Level 7.0 Hexes
   Level 0.0 Charms
 * Level 7.0 Summonings
 * Level 7.0 Necromancy
 * Level 7.0 Translocations
 * Level 7.0 Transmutations
 * Level 7.0 Fire Magic
 * Level 7.0 Ice Magic
 * Level 7.0 Air Magic
 * Level 7.0 Earth Magic
 * Level 7.0 Poison Magic


You knew the following spells:

 Your Spells              Type           Power      Damage    Failure   Level
a - Magic Dart            Conj           100%       1d8       1%          1
b - Slow                  Hex            100%       N/A       1%          1
c - Mephitic Cloud        Conj/Pois/Air  33%        N/A       2%          3
d - Summon Guardian Gole  Hex/Summ       33%        N/A       2%          3
e - Blink                 Tloc           66%        N/A       1%          2
f - Necrotise             Necr           100%       1d9       1%          1
g - Poisonous Vapours     Pois/Air       66%        N/A       1%          2
h - Call Imp              Summ           66%        N/A       1%          2
p - Passwall              Tmut/Erth      27%        N/A       1%          2
Your spell library was empty.

Dungeon Overview and Level Annotations

Branches:
Dungeon (8/15)             Temple (1/1) D:6
   Lair: D:8-11

Altars:
Cheibriados
Dithmenos
Elyvilon
Fedhas
Gozag
Hepliaklqana
Makhleb
Nemelex Xobeh
Okawaru
Qazlal
Ru
Trog
Wu Jian
Xom
Yredelemnul
Zin

Shops:
D:3 =


Innate Abilities, Weirdness & Mutations

You are immune to sickness and miasma.
You are immune to poison.
Your flesh is very heat resistant. (rF++)
You are vulnerable to cold. (rC-)
You float through the air rather than walking.
You learn spells naturally, not from books.
Your magical power is your life essence.
You have superior vitality. (+4 MHP)


Message History

* * * LOW HITPOINT WARNING * * *
Casting: Magic Dart (safe; 1% risk of failure)
Confirm with . or Enter, or press ? or * to list all spells.
Aiming: Magic Dart (safe; 1% risk of failure)
Press: ? - help, Shift-Dir - straight line, f/p - wraith
Aim: a wraith (almost destroyed, 100% to hit)
The magic dart hits the wraith but does no damage.
The wraith is almost destroyed.
* * * LOW HITPOINT WARNING * * *
The wraith closely misses you.
You hit the wraith but do no damage. Your punch misses the wraith.
The wraith is almost destroyed.
The wraith closely misses you. The wraith barely misses you.
Okay, then.
You barely miss the wraith.
The wraith is almost destroyed.
The wraith hits you!
* * * LOW HITPOINT WARNING * * *
The wraith drains your vigour!
You feel as though you will be slow longer.
The wraith closely misses you.
Blink to where?
Press: ? - help, Dir - move target, p - wraith
As you read the scroll of blinking, it crumbles to dust.
You see here a +1 heavy orcbow.
Casting: Magic Dart (safe; 1% risk of failure)
Confirm with . or Enter, or press ? or * to list all spells.
A guardian golem appears, shielding your allies.
* * * LOW HITPOINT WARNING * * *
You barely miss the wraith.
The wraith is almost destroyed.
The wraith hits you but does no damage. The wraith completely misses you.
You hit the wraith.
The wraith is almost destroyed.
The wraith hits you.
* * * LOW HITPOINT WARNING * * *
The wraith drains your vigour!
You feel as though you will be slow longer.
The wraith hits you!
You die...

.##..#...........##.... ... ....
###...................## ..##....
# ##..............#....# #.......
#.###..........#....###.......
##.†#...............)..)....... #
#...##........#....)..#....#...
###...........###....#####...##..
##..#......#...###....###........
....#...#..#....@W9.....###......
........#..#.##......#...##..W§..
.....##.#....###..#.##......#.#..
...#.#.......##..##.##.##..####.#
...#<.........#...#.#... .## .).
....>.................## ....
..##.#.#.............. .^.#. ..#
.#####...........( .... . #.# #
...#......# ..... .


You could see a wraith (ally target) and a friendly guardian golem (summoned).

Vanquished Creatures
  Pikel (D:5)
  A wraith (D:8)
  A wyvern (D:7)
  A steam dragon (D:7)
  Menkaure (D:5)
  An orc warrior (D:7)
  A sky beast (D:7)
  2 black bears (D:5)
  2 centaurs
  4 lemures (D:5)
  2 phantoms
  2 bullfrogs
  2 scorpions
  A wight (D:5)
  Dowan (D:5)
  3 killer bees (D:8)
  2 jellies
  3 hounds
  2 iguanas (D:6)
  2 sleepcaps (D:7)
  5 orc wizards
  5 gnolls
  5 adders
  An ufetubus (D:6)
  A worm (D:3)
  6 dart slugs
  23 orcs
  10 endoplasms
  3 giant cockroaches
  11 goblins
  5 hobgoblins
  2 jackals (D:1)
  3 quokkas
  9 ball pythons
  5 bats
  2 frilled lizards
  3 kobolds
  4 rats
138 creatures vanquished.

Vanquished Creatures (collateral kills)
  Duvessa (D:5)
  An ice beast (D:6)
  A killer bee (D:8)
  A hound (D:6)
  A gnoll (D:3)
  2 adders
  A giant cockroach (D:3)
  A goblin (D:1)
  2 jackals (D:1)
  A kobold (D:3)
12 creatures vanquished.

Vanquished Creatures (others)
  2 killer bees (D:8)
  A gnoll bouda (D:7)
  A gnoll (D:7)
4 creatures vanquished.

Grand Total: 154 creatures vanquished

Notes
Turn   | Place    | Note
-------+----------+-------------------------------------------
     0 | D:1      | Decritt the Djinni Hedge Wizard began the quest for the
                  | Orb.
     0 | D:1      | Decritt set off with the following spells memorised: Magic
                  | Dart, Slow, Blink, Call Imp, Mephitic Cloud.
     0 | D:1      | Reached XP level 1. HP: 15/15 MP: 0/0
   124 | D:1      | Reached XP level 2. HP: 19/22 MP: 0/0
   146 | D:1      | Reached skill level 1 in Fighting
   560 | D:1      | Reached XP level 3. HP: 25/27 MP: 0/0
   560 | D:1      | Learned a level 1 spell: Necrotise
  1208 | D:2      | Reached skill level 1 in Armour
  1393 | D:2      | Reached XP level 4. HP: 24/33 MP: 0/0
  1483 | D:2      | Reached skill level 2 in Fighting
  1910 | D:3      | Reached XP level 5. HP: 14/39 MP: 0/0
  1910 | D:3      | Learned a level 2 spell: Poisonous Vapours
  2101 | D:3      | Found a blossoming altar of Fedhas.
  2239 | D:3      | Found Zeorph's Jewellery Emporium.
  2378 | D:3      | Found a faded altar of an unknown god.
  2698 | D:4      | Reached skill level 3 in Fighting
  2862 | D:4      | Reached XP level 6. HP: 38/46 MP: 0/0
  2932 | D:4      | Found a sparkling altar of Nemelex Xobeh.
  3013 | D:4      | Identified the +7 mace of Destiny {antimagic, rF+ Will+
                  | Str+3 Stlth-}
  3422 | D:5      | Entered Level 5 of the Dungeon
  3723 | D:5      | Noticed a black bear
  3750 | D:5      | Noticed Pikel
  3866 | D:5      | Noticed Menkaure
  3874 | D:5      | Killed Menkaure
  3875 | D:5      | Reached skill level 4 in Fighting
  3875 | D:5      | Reached XP level 7. HP: 37/53 MP: 0/0
  3875 | D:5      | Learned a level 2 spell: Passwall
  4110 | D:5      | Noticed Duvessa
  4119 | D:5      | Noticed Dowan
  4173 | D:5      | Killed Duvessa
  4178 | D:5      | Killed Dowan
  4179 | D:5      | Reached skill level 5 in Fighting
  4179 | D:5      | Reached XP level 8. HP: 17/59 MP: 0/0
  5273 | D:6      | Reached skill level 5 in Spellcasting
  5273 | D:6      | Reached skill level 5 in Conjurations
  5273 | D:6      | Reached skill level 5 in Hexes
  5273 | D:6      | Reached skill level 5 in Summonings
  5273 | D:6      | Reached skill level 5 in Necromancy
  5273 | D:6      | Reached skill level 5 in Translocations
  5273 | D:6      | Reached skill level 5 in Transmutations
  5273 | D:6      | Reached skill level 5 in Fire Magic
  5273 | D:6      | Reached skill level 5 in Ice Magic
  5273 | D:6      | Reached skill level 5 in Air Magic
  5273 | D:6      | Reached skill level 5 in Earth Magic
  5273 | D:6      | Reached skill level 5 in Poison Magic
  5598 | D:5      | Reached skill level 6 in Fighting
  5969 | D:6      | Found a staircase to the Ecumenical Temple.
  5974 | Temple   | Entered the Ecumenical Temple
  6100 | Temple   | Became a worshipper of Makhleb the Destroyer
  6558 | D:5      | Reached XP level 9. HP: 27/67 MP: 0/0
  6558 | D:5      | Learned a level 3 spell: Summon Guardian Golem
  6670 | D:5      | Killed Pikel
  6671 | D:5      | Reached skill level 7 in Fighting
  6822 | D:6      | Found an iron altar of Okawaru.
  7145 | D:7      | Reached skill level 5 in Armour
  7826 | D:7      | Reached skill level 8 in Fighting
  8513 | D:8      | Reached XP level 10. HP: 60/76 MP: 0/0
  8529 | D:8      | Reached * piety under Makhleb
  8807 | D:8      | Slain by a wraith

Illustrated notes

Levels and vault maps discovered:
D:1:      erik_arrival_orb_chamber, layout_basic
D:2:      layout_basic
D:3:      layout_rooms, grunt_temple_overflow_growth_and_decay,
          shapermc_ecumenical_altar_rom_forum, serial_shops, shop,
          minmay_surrounded
D:4:      minmay_inner_zag, layout_rooms, kennysheep_mini
D:5:      layout_loops_ring, uniq_duvessa, uniq_pikel, uniq_menkaure
D:6:      layout_rooms, okawaru_trees_2, minmay_temple_entry_wispy
D:7:      layout_basic
D:8:      layout_cave_pools
Temple:   bh_familiar_temple

Skill      XL: |  1  2  3  4  5  6  7  8  9 10 |
---------------+-------------------------------+-----
Spellcasting   | 3 4 5 6 7 |  7.0
Conjurations   | 3 4 5 6 7 |  7.0
Hexes          | 3 4 5 6 7 |  7.0
Summonings     | 3 4 5 6 7 |  7.0
Necromancy     | 3 4 5 6 7 |  7.0
Translocations | 3 4 5 6 7 |  7.0
Transmutations | 3 4 5 6 7 |  7.0
Fire Magic     | 3 4 5 6 7 |  7.0
Ice Magic      | 3 4 5 6 7 |  7.0
Air Magic      | 3 4 5 6 7 |  7.0
Earth Magic    | 3 4 5 6 7 |  7.0
Poison Magic   | 3 4 5 6 7 |  7.0
Fighting       | 1 2 3 4 5 6 8 |  8.7
Armour         | 1 2 3 4 5 |  5.8
Dodging        | |  2.1
Stealth        | |  1.5

Action                     |  1- 3 |  4- 6 |  7- 9 | 10-12 || total
---------------------------+-------+-------+-------+-------++-------
  Melee: Mace              |       |    28 |   151 |    18 ||   197
         Punch             |       |     1 |     3 |       ||     4
  Throw: Dart              |       |       |     6 |       ||     6
   Cast: Magic Dart        |    72 |   124 |    61 |    20 ||   277
         Mephitic Cloud    |     2 |    12 |    37 |     2 ||    53
         Call Imp          |     2 |     9 |    19 |       ||    30
         Slow              |       |     4 |    10 |       ||    14
         Necrotise         |       |       |    28 |       ||    28
         Blink             |       |       |     1 |     1 ||     2
         Summon Guardian G |       |       |    11 |     4 ||    15
    Use: Scroll            |       |     6 |     2 |     1 ||     9
   Stab: Confused          |       |       |    11 |       ||    11
 Armour: Robe              |     2 |     2 |       |       ||     4
         Leather armour    |       |     8 |    37 |     7 ||    52
  Dodge: Dodged            |    10 |    30 |   141 |    17 ||   198

Table legend: (Time is in decaauts)
 A = Elapsed time spent in this place.
 B = Non-inter-level travel time spent in this place.
 C = Inter-level travel time spent in this place.
 D = Time resting spent in this place.
 E = Time spent auto-exploring this place.
 F = Levels seen in this place.
 G = Mean time per level.
                   A        B        C        D        E       F      G
               +--------+--------+--------+--------+--------+-----+--------+
         Total |   8912 |   8683 |    229 |   3105 |   3830 |   9 |  990.2 |
       Dungeon |   8768 |   8556 |    212 |   3105 |   3743 |   8 | 1096.0 |
        Temple |    143 |    126 |     17 |      0 |     87 |   1 |  143.0 |
               +--------+--------+--------+--------+--------+-----+--------+

Top non-repeatable levels by time:
     D:5: 2167 daAuts
     D:4: 1331 daAuts
     D:6: 1223 daAuts
     D:1: 1151 daAuts
     D:7: 1018 daAuts
     D:3: 952 daAuts
     D:2: 574 daAuts
     D:8: 349 daAuts
  Temple: 143 daAuts
